 Dungeon Crawl Stone Soup version 0.17-a0-1475-g9f81d98 (webtiles) character file.

742 CipHuK the Basher (level 7, 0/71 HPs)
             Began as an Ogre Hunter on July 2, 2015.
             Was a Follower of Ashenzari.
             Succumbed to a scorpion's poison
             ... on level 6 of the Dungeon.
             The game lasted 00:13:10 (7041 turns).

CipHuK the Basher (Ogre Hunter)                     Turns: 7041, Time: 00:13:10

Health: 0/71       AC:  6    Str: 23      XL:     7   Next: 76%
Magic:  3/7        EV:  9    Int: 12      God:    Ashenzari [*.....]
Gold:   241        SH:  0    Dex:  8 (10) Spells: 0 memorised, 6 levels left

rFire  . . .     SeeInvis .     l - +0 club (curse)
rCold  + + .     Clarity  .     B - +1 robe {rC+}
rNeg   . . .     SustAt   .     (no shield)
rPois  .         Gourm    .     (helmet restricted)
rElec  .         Spirit   +     (no cloak)
rCorr  .         Warding  .     (gloves unavailable)
rMut   .         Stasis   .     (boots unavailable)
MR     .....                    h - amulet of guardian spirit
Stlth  +.........               b - ring of protection from cold
                                y - +2 ring of protection

@: mighty, lethally poisoned (0 -> -23), not resistant to hostile enchantments,
very unstealthy
A: unfitting armour, tough skin 1
a: Renounce Religion


You were on level 6 of the Dungeon.
You worshipped Ashenzari.
Ashenzari was aware of your devotion.
You were near starving.

You visited 1 branch of the dungeon, and saw 6 of its levels.
You also visited: Sewer.

You collected 241 gold pieces.

Inventory:

Hand weapons
 l - a cursed +0 club (weapon)
Armour
 B - a +1 robe of cold resistance (worn)
Jewellery
 b - a ring of protection from cold (right hand)
 h - an amulet of guardian spirit (around neck)
 y - a +2 ring of protection (left hand)
Scrolls
 c - a scroll of random uselessness {unknown}
 d - a scroll of summoning {unknown}
 f - a scroll of remove curse
 i - 5 scrolls of fog {unknown}
 k - a scroll of immolation {unknown}
 n - 2 scrolls of teleportation {unknown}
 o - 2 scrolls of enchant weapon {unknown}
 s - 3 scrolls of noise {unknown}
 u - a scroll of blinking {unknown}
 w - 2 scrolls of identify {unknown}
 x - a scroll of magic mapping {unknown}
 A - a scroll of curse armour
 C - a scroll of curse jewellery
 D - a scroll of curse weapon
Potions
 j - a potion of flight
 m - a potion of invisibility
 r - a potion of brilliance
Comestibles
 e - 2 bread rations
 g - 7 fruits
 p - a beef jerky
 q - 2 meat rations


   Skills:
 - Level 4.7 Fighting
 + Level 10.0 Maces & Flails
 - Level 4.3 Throwing
 - Level 1.7 Dodging
 - Level 0.7 Stealth


You had 6 spell levels left.
You didn't know any spells.

Dungeon Overview and Level Annotations

Branches:
Dungeon (6/15)
 Temple: D:4-7

Altars:
Ashenzari
Cheibriados
Elyvilon
Okawaru
Trog
Vehumet
Xom
The Shining One

Annotations:
D:5 exclusion: statue, Eustachio


Innate Abilities, Weirdness & Mutations

You are too large for most types of armour.
You have tough skin (AC +1).


Message History

You are more poisoned.
The scorpion poisons you!
You hit the scorpion but do no damage.
The scorpion is almost dead.
* * * LOW HITPOINT WARNING * * *
You feel sick. The scorpion stings you.
* * * LOW HITPOINT WARNING * * *
You hit the scorpion.
You kill the scorpion!
Your Maces & Flails skill increases to level 10!
* * * LOW HITPOINT WARNING * * *
You feel sick.
Unknown command.
Are you sure you want to abandon this character and quit the game? (Confirm with "yes".)
Okay, then.
Drink which item? (? for menu, Esc to quit)
Okay, then.
* * * LOW HITPOINT WARNING * * *
You feel sick.
You die...

#.## #..#
#.####.[#
#.##....#
#.##.#..# ###
#### #.......#
#... ..#
####.####
#....#.# #.#
#......########.#
#....$..@.......#
#.#.##.##########
.. #.# #. ..# #
####


There were no monsters in sight!

Vanquished Creatures
  A phantom (D:4)
  2 scorpions
  A crimson imp (D:5)
  3 orc wizards
  4 orc priests
  An iguana (D:4)
  3 giant frog skeletons
  A worker ant (D:3)
  4 adders
  2 river rats (Sewer)
  5 worms
  4 giant geckos
  13 orcs
  A bat zombie (D:5)
  4 giant cockroaches
  10 hobgoblins
  11 kobolds
  8 bats
  A giant gecko skeleton (D:5)
  6 giant newts
  13 goblins
  2 jackals (D:4)
  16 rats
116 creatures vanquished.

Notes
Turn   | Place    | Note
--------------------------------------------------------------
     0 | D:1      | CipHuK the Ogre Hunter began the quest for the Orb.
     0 | D:1      | Reached XP level 1. HP: 22/22 MP: 1/1
   504 | D:1      | Reached XP level 2. HP: 30/32 MP: 2/2
  1136 | D:1      | Reached XP level 3. HP: 21/40 MP: 1/3
  1842 | D:2      | Reached skill level 1 in Maces & Flails
  1967 | D:2      | Reached XP level 4. HP: 18/49 MP: 1/4
  2242 | D:2      | Found a snail-covered altar of Cheibriados.
  2568 | D:3      | HP: 2/49 [poisoned by an adder]
  2927 | D:3      | Reached XP level 5. HP: 31/55 MP: 5/5
  3058 | D:3      | Found a bloodstained altar of Trog.
  3077 | D:3      | Reached skill level 5 in Maces & Flails
  4220 | D:4      | Noticed a phantom
  4266 | D:4      | Killed a phantom
  4266 | D:4      | Reached skill level 6 in Maces & Flails
  4266 | D:4      | Reached XP level 6. HP: 27/63 MP: 3/6
  4475 | D:4      | Reached skill level 7 in Maces & Flails
  4715 | D:4      | Found a white marble altar of Elyvilon.
  4899 | D:4      | Reached skill level 8 in Maces & Flails
  4899 | D:4      | Reached XP level 7. HP: 52/71 MP: 7/7
  5177 | D:4      | Found a shattered altar of Ashenzari.
  5216 | D:4      | Became a worshipper of Ashenzari the Shackled
  5933 | D:5      | Entered Level 5 of the Dungeon
  5934 | D:5      | Reached skill level 9 in Maces & Flails
  5983 | D:5      | Found a radiant altar of Vehumet.
  6172 | D:5      | Found a glowing golden altar of the Shining One.
  6273 | D:5      | Noticed Eustachio
  6420 | D:5      | Found a glowing drain.
  6424 | Sewer    | Entered a sewer
  6558 | Sewer    | Noticed confidenceinterval's ghost (average HOGl)
  6584 | Sewer    | HP: 3/71 [poison (a potion of poison)]
  6590 | Sewer    | HP: 2/71 [poison (a potion of poison)]
  6606 | Sewer    | HP: 1/71 [confidenceinterval's ghost (3)]
  6944 | D:5      | Found an iron altar of Okawaru.
  6964 | D:5      | Found a shimmering altar of Xom.
  7039 | D:6      | Reached skill level 10 in Maces & Flails
  7039 | D:6      | HP: 3/71 [poisoned by a scorpion]
  7040 | D:6      | HP: 1/71 [poisoned by a scorpion]
  7041 | D:6      | Succumbed to a scorpion's poison

Vault maps used:
D:1:      erik_arrival_cave_to_civilisation, st_stairs_8, minmay_misc_feat_rows
D:2:      overflow_temple_1_default
D:3:      first_bread, minmay_misc_feat_cross, trog_book
D:4:      ashenzari_altar_1, elyvilon_altar_3
D:5:      old_standard_altar, overflow_temple_1_default, vehumet_statue,
          kennysheep_mini, portal_sewer_entry_e, minmay_misc_feat_square,
          corexii_hall_statues_l, uniq_eustachio
D:6:      uniq_grinder
Sewer:    sewer_kobolds

Action                   |  1- 3 |  4- 6 |  7- 9 || total
-------------------------+-------+-------+-------++-------
Melee: Short sword       |    63 |       |       ||    63
       Club              |   133 |   212 |   273 ||   618
Throw: Large rock        |     9 |    49 |    21 ||    79
       Throwing net      |       |     4 |     3 ||     7
  Use: Potion            |       |     4 |     5 ||     9
 Stab: Sleeping          |     1 |       |     1 ||     2
       Invisible         |       |       |     2 ||     2
  Eat: Chunk             |     3 |    10 |     4 ||    17
       Pizza             |       |       |     1 ||     1
